AoeStats
← Rockinload

Arabia

505420957Analyzed
1v1 RM · 23d ago on Sep 9, 2026· 19m 26s· 2 players
Game mode
Random Map
Map size
Tiny (2 player)
Population
200
Speed
Normal
Resources
Standard
Victory
Conquest
Starting age
Dark Age
Ending age
Imperial Age
RankedLock teamsTeams togetherTeam positionsShared explorationLock speedFull tech treeHidden civsTurbo modeCheats
Victory
Defeat
🇻🇳 Portuguese · Vietnam
891
+17
🇬🇧 Vikings · United Kingdom
911
-17
KẻKhátMáu
6:31 Loom
9:32 Feudal Age
9:58 Double-Bit Axe
11:59 Man-at-Arms
21:06 Castle Age
20:09 Scale Barding Armor
Rockinload
9:47 Loom
12:12 Feudal Age
16:43 Double-Bit Axe
Connection lost

Rejoining the realm…

Still unreachable

The connection could not be restored.

Session expired

The server has moved on; the page needs a fresh start.